 Dungeon Crawl Stone Soup version 0.12.2-12-gd1dd697 (webtiles) character file.

257 Ractero the Sneak (level 4, 0/33 HPs)
             Began as a Human Assassin on July 20, 2013.
             Succumbed to a scorpion's poison
             ... on Level 3 of the Dungeon.
             The game lasted 00:21:48 (2282 turns).

Ractero the Sneak (Human Assassin)                  Turns: 2282, Time: 00:21:48

HP   0/33        AC  5     Str 12      XL: 4   Next: 74%
MP   3/3         EV 12     Int 11      God:
Gold 173         SH  0     Dex 15      Spells:  0 memorised,  3 levels left

Res.Fire  : . . .   See Invis. : .   a - +2 dagger {=f}
Res.Cold  : + . .   Warding    : .   c - +0 robe
Life Prot.: . . .   Conserve   : .   (no shield)
Res.Poison: .       Res.Corr.  : .   (helmet restricted)
Res.Elec. : .       Clarity    : .   d - +0 cloak
Sust.Abil.: . .     Spirit.Shd : .   r - +1 pair of gauntlets
Res.Mut.  : .       Stasis     : .   (no boots)
Res.Rott. : .       Ctrl.Telep.: .   (no amulet)
Saprovore : . . .   Flight     : .   (no ring)
                                     o - ring of ice

@: mildly poisoned, slightly resistant to hostile enchantments, stealthy
A: antennae 1, fire resistance 1, spit poison 1
a: Spit Poison


You were on level 3 of the Dungeon.
You were not hungry.

You visited 1 branch of the dungeon, and saw 4 of its levels.

You collected 123 gold pieces.

Inventory:

Hand weapons
 a - a +2,+2 dagger (weapon) {=f}
 b - a +0 blowgun
 s - a +0,+0 dagger
 t - a +1,+0 quarterstaff of distortion
 u - a +0,+0 elven dagger
 D - a +2,+0 short sword
Missiles
 e - 8 poisoned needles
 f - 2 curare-tipped needles
 i - 70 darts
 v - 18 darts of frost (quivered)
Armour
 c - a +0 robe (worn)
 d - a +0 cloak (worn)
 r - a +1 pair of gauntlets (worn)
Comestibles
 g - 2 bread rations
Scrolls
 h - a scroll of fear {unknown}
 m - 2 scrolls of magic mapping {unknown}
 n - a scroll of enchant weapon II {unknown}
 x - 3 scrolls of curse armour {unknown}
 y - a scroll of teleportation
 B - a scroll of curse jewellery {unknown}
 C - a scroll of enchant armour {unknown}
 E - a scroll of amnesia {unknown}
 F - a scroll of noise {unknown}
Jewellery
 o - a ring of ice (left hand)
 G - an uncursed ring of regeneration {unknown}
Potions
 k - a potion of restore abilities {unknown}
 p - a potion of mutation
 q - a potion of poison
 w - 2 potions of blood {unknown}
 z - a potion of brilliance {unknown}
 A - 2 potions of confusion {unknown}


   Skills:
 + Level 2.6 Fighting
 + Level 2.1 Short Blades
 + Level 2.2 Throwing
 + Level 1.4 Dodging
 + Level 3.4 Stealth
 + Level 2.6 Stabbing
 + Level 1.8 Traps


You had 3 spell levels left.
You didn't know any spells.

Dungeon Overview and Level Annotations

Branches:
Dungeon (4/27)
 Temple: D:4-7

Altars:
Sif Muna
Trog


Innate Abilities, Weirdness & Mutations

You have a pair of small antennae on your head.
Your flesh is heat resistant.
You can spit poison.


Message History

Drink which item? (? for menu, Esc to quit)
You feel better. The scorpion stings you.
* * * LOW HITPOINT WARNING * * *
You are poisoned.
The scorpion poisons you!
Read which item? (? for menu, Esc to quit)
As you read the scroll of teleportation, it crumbles to dust.
You feel strangely unstable. The scorpion barely misses you.
The scorpion stings you.
* * * LOW HITPOINT WARNING * * *
Your surroundings suddenly seem different.
* * * LOW HITPOINT WARNING * * *
You feel sick.
You feel a little better.
Drink which item? (? for menu, Esc to quit)
You feel extremely strange.
You feel a sudden chill. A pair of antennae grows on your head!
There is a nasty taste in your mouth for a moment.
It was a potion of mutation.
You die...

### ############# ..#
#...........# ..#
#...........# ..#
#...........# ..#
#...........# ..#
###...........#
..###.............#
..##..#...........#
..#..##.........@.###
..#.###...#######...#
..'.# #..##≈≈≈≈≈###.#
..### #..#≈≈≈≈≈≈≈##.#
### ####≈≈...≈≈##.#
#≈≈._...'..# ######
#≈≈...≈≈#### .....#
#≈≈≈≈≈≈≈# .....#
##≈≈≈≈≈##


There were no monsters in sight!

Vanquished Creatures
  3 adders
  An adder skeleton (D:4)
  A giant mite (D:2)
  2 giant geckos
  An ooze (D:2)
  A ball python (D:2)
  2 bats
  3 giant cockroaches
  3 goblins
  7 hobgoblins
  2 jackals (D:3)
  2 kobolds
  A quokka (D:4)
  5 giant newts
  6 rats
40 creatures vanquished.

Notes
Turn   | Place    | Note
--------------------------------------------------------------
     0 | D:1      | Ractero, the Human Assassin, began the quest for the Orb.
     0 | D:1      | Reached XP level 1. HP: 15/15 MP: 0/0
   421 | D:1      | Reached XP level 2. HP: 12/21 MP: 1/1
   907 | D:2      | Found a bloodstained altar of Trog.
   919 | D:2      | Reached skill level 1 in Traps
   943 | D:2      | Reached XP level 3. HP: 26/26 MP: 2/2
  1472 | D:2      | Reached XP level 4. HP: 27/33 MP: 3/3
  2139 | D:3      | Found a deep blue altar of Sif Muna.
  2281 | D:3      | HP: 1/33 [poisoned by a scorpion]
  2282 | D:3      | Gained mutation: Your flesh is heat resistant. [potion of mutation]
  2282 | D:3      | Gained mutation: You have a pair of small antennae on your head. [potion of mutation]
  2282 | D:3      | Gained mutation: You can spit poison. [potion of mutation]
  2282 | D:3      | Succumbed to a scorpion's poison

Action                   |  1- 3 |  4- 6 || total
-------------------------+-------+-------++-------
Melee: Dagger            |    65 |    84 ||   149
Throw: Dart              |     4 |     3 ||     7
  Use: Scroll            |     2 |     3 ||     5
       Potion            |     2 |     2 ||     4
 Stab: Sleeping          |     7 |     2 ||     9
